 Dungeon Crawl Stone Soup version 0.19.1 (webtiles) character file.

188980 M4edhros the Force of Nature (level 18, -16/110 HPs)
             Began as an Octopode Artificer on Dec 7, 2016.
             Was the Champion of Fedhas.
             Killed from afar by a wizard (39 damage)
             ... with a fireball
             ... on level 1 of the Vaults on Dec 9, 2016.
             The game lasted 02:35:20 (36080 turns).

M4edhros the Force of Nature (Octopode Artificer)  Turns: 36080, Time: 02:35:21

Health: -16/110    AC: 18    Str: 21    XL:     18   Next: 11%
Magic:  0/28       EV: 20    Int: 14    God:    Fedhas [******]
Gold:   2179       SH: 18    Dex: 21    Spells: 7 memorised, 9 levels left

rFire  . . .     SeeInvis +     G - +5 hunting sling (venom)
rCold  + . .     Gourm    .     H - +4 shield {rC+}
rNeg   . . .     Faith    .     d - +2 hat
rPois  .         Spirit   +     D - amulet of guardian spirit
rElec  .         Reflect  .     p - +3 ring of dexterity
rCorr  .         Harm     .     t - +4 ring of strength
MR     ++...                    F - ring of see invisible
Stlth  ++++++....               b - ring of protection from magic
                                M - ring of wizardry
                                (no ring)
                                w - +4 ring of strength
                                L - ring of Robustness {AC+8}

@: lethally poisoned (-16 -> -18), very slightly contaminated
A: almost no armour, stealthy swim, amphibious, 8 rings, constrict 8, antennae
1, tentacle spike 1, iridescent scales 1, slimy green scales 2, camouflage 1,
sense surroundings 1, shaggy fur 2, slow regeneration 1, gelatinous body 1,
MP-powered wands
a: Fungal Bloom, Evolution, Sunlight, Growth, Reproduction, Rain, Renounce
Religion
}: 1/15 runes: decaying


You were on level 1 of the Vaults.
You worshipped Fedhas.
Fedhas was exalted by your worship.
You were very hungry.

You visited 5 branches of the dungeon, and saw 28 of its levels.
You also visited: Labyrinth, Ossuary and Ice Cave.

You collected 3523 gold pieces.
You spent 1344 gold pieces at shops.

Inventory:

Hand Weapons
 g - a +0 dagger of electrocution
 G - a +5 hunting sling of venom (weapon)
 R - a +0 blowgun
 T - a +8 hunting sling of velocity
Missiles
 i - 230 stones (quivered)
 v - 89 sling bullets
 K - 9 curare-tipped needles
Armour
 d - a +2 hat (worn)
 H - a +4 shield of cold resistance (worn)
Jewellery
 b - a ring of protection from magic (on tentacle)
 p - a +3 ring of dexterity (left tentacle)
 t - a +4 ring of strength (right tentacle)
 w - a +4 ring of strength (on tentacle)
 D - an amulet of guardian spirit (around mantle)
 F - a ring of see invisible (on tentacle)
 L - the ring of Robustness (on tentacle) {AC+8}
   (You found it on level 12 of the Dungeon)

   [ring of protection]

   It affects your AC (+8).
 M - a ring of wizardry (on tentacle)
Wands
 c - a wand of enslavement (4/24)
 e - a wand of paralysis (12/24)
 l - a wand of lightning (0/15)
 m - a wand of iceblast (0/15)
 x - a wand of confusion (20/48)
 y - a wand of teleportation (4/9)
 J - a wand of disintegration (19/24)
 O - a wand of iceblast (12/15)
Scrolls
 a - 3 scrolls of fear
 j - 5 scrolls of blinking
 k - a scroll of identify
 n - 10 scrolls of teleportation
 s - a scroll of recharging
 A - 3 scrolls of fog
 B - a scroll of enchant weapon
 C - 2 scrolls of magic mapping
 Q - a scroll of remove curse
 S - 4 scrolls of vulnerability
Potions
 h - 4 potions of invisibility
 o - a potion of berserk rage
 q - 3 potions of curing
 r - 4 potions of lignification
 E - a potion of agility
 I - 2 potions of might
 N - 2 potions of ambrosia
 Y - a potion of magic
 Z - 4 potions of heal wounds
Miscellaneous
 z - a fan of gales
 P - a lamp of fire (inert)
Comestibles
 f - 11 bread rations
 u - 27 fruits
 X - 5 slices of pizza


   Skills:
 - Level 5.7 Fighting
 - Level 4.1 Short Blades
 - Level 12.5 Slings
 - Level 8.6 Dodging
 - Level 9.1 Stealth
 * Level 13.9 Shields
 + Level 6.2 Spellcasting
 - Level 7.6 Charms
 * Level 9.6 Transmutations
 - Level 5.9 Air Magic
 * Level 9.7 Earth Magic
 - Level 5.4 Poison Magic
 - Level 14.3 Invocations
 - Level 7.4 Evocations


You had 9 spell levels left.
You knew the following spells:

 Your Spells              Type           Power        Failure   Level  Hunger
a - Repel Missiles        Chrm/Air       ###...       1%          2    #......
b - Song of Slaying       Chrm           ####....     1%          2    #......
c - Mephitic Cloud        Conj/Pois/Air  ##......     6%          3    ###....
d - Regeneration          Chrm/Necr      ###.......   6%          3    ###....
e - Shroud of Golubria    Chrm/Tloc      ###.......   3%          2    #......
f - Blink                 Tloc           N/A          12%         2    #......
g - Statue Form           Tmut/Erth      ####.....    26%         6    #######


Dungeon Overview and Level Annotations

Branches:
Dungeon (15/15)            Temple (0/1) D:5            Lair (6/6) D:10
  Swamp (4/4) Lair:4        Snake (0/4) Lair:4        Slime (0/5) Lair:5
    Orc (2/2) D:11            Elf (0/3) Orc:2        Vaults (1/5) D:14
 Depths (0/5) D:15

Altars:
Ashenzari
Cheibriados
Dithmenos
Fedhas
Kikubaaqudgha
Makhleb
Qazlal
Ru
Yredelemnul
The Shining One
Beogh

Shops:
D:9 **:   Orc:2 [(((

Annotations:
D:2 Crazy Yiuf
D:6 smzp's ghost, novice TrMo


Innate Abilities, Weirdness & Mutations

You cannot wear most types of armour.
You are very stealthy in the water. (Stealth+)
You are amphibious.
You can wear up to eight rings at the same time.
You can use your tentacles to constrict eight enemies at once.
Your skin changes colour to match your surroundings (Stealth+).
Your rubbery body absorbs attacks. (AC +1, EV +1)
You have a pair of small antennae on your head.
One of your tentacles bears a spike.
You are partially covered in iridescent scales. (AC +2)
You are mostly covered in slimy green scales. (AC +3)
You passively map a small area around you.
You are covered in thick fur. (AC +2)
You regenerate slowly when monsters are visible.
You expend magic power (3 MP) to strengthen your wands.


Message History

Aim: a wizard, wielding a dagger and wearing a robe (lightly wounded, poisoned)
You shoot a stone. The stone closely misses the wizard.
The centaur shoots an arrow.
You block the arrow.
The wizard gestures at you while chanting.
The fireball explodes!
The fireball engulfs you!
* * * LOW HITPOINT WARNING * * *
The fireball engulfs your wandering mushroom. x2
Your wandering mushroom is destroyed!
You feel a little guilty.
You hear a shout! x2
You feel much better.
The centaur warrior wields an uncursed longbow.
The centaur warrior shoots an arrow.
The arrow misses you.
The centaur shoots an arrow.
The arrow closely misses you.
Your wandering mushroom releases spores at the wizard!
The wizard is engulfed in a cloud of spores!
The wizard points at you and mumbles some strange words.
The fireball explodes!
The fireball engulfs you!
You die...
Fedhas appreciates your contribution to the ecosystem.

#########################
.......(.................
......(..................
*
.######c#################
#...)c...# , #...f....#
#(.p)@.).# * #...))...# *
#(.((....# #...>(...#
#....(...# #...((...#
#####(#### * #.. ,* #.O


You could see a centaur warrior, a wizard, a centaur and a friendly wandering
mushroom.

Vanquished Creatures
  Saint Roka (Orc:2)
  Nikola (Swamp:1)
  A tentacled monstrosity (Swamp:4)
  Frances (Swamp:2)
  A sphinx (Vaults:1)
  Roxanne (Swamp:2)
  Donald (Swamp:1)
  A fire giant (D:12)
  A vault warden (Vaults:1)
  An orc warlord (Orc:2)
  3 ironheart preservers (Vaults:1)
  4 very ugly things (Swamp:4)
  A stone giant (Vaults:1)
  2 blizzard demons (IceCv)
  A minotaur (Lab)
  2 ogre magi (Vaults:1)
  Josephine (Orc:2)
  2 green deaths (Swamp:4)
  A fire dragon (Vaults:1)
  2 yaktaur captains (Vaults:1)
  2 great orbs of eyes (D:15)
  22 hydras
  3 ghost crabs (Swamp:3)
  4 centaur warriors (D:15)
  3 vault guards (D:14)
  2 death knights (Vaults:1)
  A catoblepas (D:14)
  13 alligators
  3 tengu warriors (D:15)
  20 spriggans
  A deep elf knight (Vaults:1)
  5 spriggan druids
  31 slime creatures
  9 swamp dragons
  A flayed ghost (Vaults:1)
  A wizard (Vaults:1)
  A deep elf archer (Vaults:1)
  2 unseen horrors (D:15)
  2 hill giants
  2 necromancers (D:14)
  An ironbrand convoker (Vaults:1)
  A phantasmal warrior (Vaults:1)
  Pikel (D:5)
  2 orc sorcerers
  4 ugly things
  3 orc knights
  2 wolf spiders
  3 cyclopes
  A manticore (D:15)
  8 elephants
  An ice statue (IceCv)
  2 black mambas
  7 spiny frogs
  2 torpor snails
  2 orange demons (Swamp:4)
  7 komodo dragons
  7 freezing wraiths
  3 anaconda simulacra (IceCv)
  4 yaktaurs (Vaults:1)
  A golden dragon simulacrum (IceCv)
  4 ice devils (IceCv)
  7 rime drakes
  A tengu conjurer (D:15)
  12 trolls
  3 polar bears (Lair:6)
  4 two-headed ogres
  A wolf spider simulacrum (D:15)
  11 hornets
  15 hippogriffs
  5 tyrant leeches
  5 bog bodies (Swamp:4)
  A raiju (shapeshifter) (Vaults:1)
  A dream sheep (shapeshifter) (D:15)
  5 blink frogs
  2 dire elephant simulacra (IceCv)
  A tarantella (shapeshifter) (D:15)
  3 centaur simulacra
  5 shadows
  A vampire (D:11)
  47 yaks
  4 wraiths
  14 humans (D:14)
  7 basilisks
  4 wyverns
  5 wandering mushrooms
  6 hungry ghosts
  A human simulacrum (Vaults:1)
  19 vampire mosquitoes
  3 insubstantial wisps (Swamp:1)
  A soldier ant (D:14)
  2 iron troll simulacra (IceCv)
  10 swamp worms
  4 wargs
  2 harpy simulacra (IceCv)
  3 nagas (Lair:4)
  15 water moccasins
  4 hydra simulacra (IceCv)
  30 orc warriors
  9 porcupines
  An ice beast (D:7)
  6 swamp drakes
  2 phantoms
  5 black bears
  An ettin simulacrum (IceCv)
  14 ogres
  3 eyes of draining
  4 sky beasts
  An alligator simulacrum (IceCv)
  A necrophage (D:5)
  18 wolves
  8 centaurs
  4 boggarts
  15 crocodiles
  3 big kobolds
  12 bullfrogs
  An elf skeleton (Ossuary)
  2 scorpions
  An elephant simulacrum (IceCv)
  5 killer bees (D:9)
  10 wights
  4 howler monkeys
  2 crimson imps (D:12)
  3 draconian simulacra (IceCv)
  20 orc priests
  7 centaur skeletons
  4 hounds
  5 jellies
  26 orc wizards
  A gnoll shaman (D:8)
  Jessica (D:2)
  3 iguanas
  3 troll simulacra (IceCv)
  17 worker ants
  A polar bear simulacrum (IceCv)
  A small abomination (Swamp:4)
  A wolf simulacrum (IceCv)
  A big kobold skeleton (Ossuary)
  The ghost of M4edhros the Charlatan, a weakling OpAr (D:4)
  A hound skeleton (D:6)
  3 mummies (Ossuary)
  6 gnolls
  5 naga simulacra (IceCv)
  14 adders
  3 ogre simulacra (IceCv)
  2 shadow imps
  6 white imps (IceCv)
  An ooze (D:4)
  5 ufetubi (IceCv)
  An adder zombie (D:5)
  3 adder skeletons
  2 dart slugs
  3 worms
  2 leopard geckos (D:2)
  78 orcs
  4 ball pythons
  A giant cockroach (D:7)
  8 goblins
  4 hobgoblins
  6 jackals
  24 kobolds
  4 quokkas
  11 bats
  3 frilled lizards
  6 goblin skeletons (Ossuary)
  A hobgoblin skeleton (Ossuary)
  A kobold skeleton (Ossuary)
  A leopard gecko skeleton (D:7)
  2 quokka skeletons
  6 rats
  3 ballistomycetes
  6 ballistomycete spores
  A fungus (D:5)
  A hyperactive ballistomycete (Swamp:4)
  A toadstool (Lair:6)
943 creatures vanquished.

Vanquished Creatures (collateral kills)
  Harold (D:10)
  A fire dragon (D:15)
  Erolcha (Orc:1)
  A great orb of eyes (D:15)
  4 hydras
  2 catoblepae
  A ghost crab (Swamp:4)
  An alligator (Swamp:1)
  2 wizards
  A swamp dragon (Swamp:1)
  A phantasmal warrior (Vaults:1)
  2 hill giants
  An orc knight (Orc:1)
  A deep elf mage (D:12)
  An orc sorcerer (Orc:2)
  9 slime creatures
  An elephant (Lair:2)
  3 black mambas
  Joseph (D:8)
  4 spiny frogs
  A freezing wraith (Vaults:1)
  3 komodo dragons
  An efreet (D:15)
  2 rime drakes (Lair:4)
  A yaktaur (D:14)
  2 trolls
  A hornet (Lair:6)
  A two-headed ogre (Vaults:1)
  A blink frog (Lair:3)
  4 hippogriffs
  4 wraiths
  3 wyverns (Lair:4)
  3 spriggans
  4 yaks
  4 humans (D:14)
  2 basilisks
  3 vampire mosquitoes (Swamp:1)
  2 hungry ghosts
  3 wargs
  An insubstantial wisp (Swamp:2)
  A water moccasin (Lair:3)
  A naga (Lair:4)
  A hell hound (Lair:4)
  A porcupine (Lair:3)
  A black bear (Lair:3)
  2 swamp drakes
  4 orc warriors
  An ice beast (D:10)
  3 sky beasts
  4 ogres
  4 centaurs
  2 wolves
  4 bullfrogs
  A gnoll sergeant (D:8)
  A scorpion (D:12)
  A killer bee (D:9)
  2 howler monkeys (D:13)
  2 hounds
  A bullfrog skeleton (D:8)
  3 orc priests
  An iguana (D:8)
  5 gnolls
  An adder zombie (D:9)
  A leopard gecko (D:8)
  7 orcs
  2 hobgoblins (D:8)
  2 jackals (D:5)
  A quokka (D:8)
  3 kobolds
  6 ballistomycete spores
154 creatures vanquished.

Vanquished Creatures (others)
  2 thorn hunters
  Aizul (Swamp:2)
  A wolf spider zombie (D:15)
  A spiny frog (Swamp:1)
  31 wandering mushrooms
  2 hornets
  9 bog bodies
  A slime creature (Swamp:4)
  2 spriggans
  2 vampire mosquitoes (Swamp:1)
  A swamp worm (Swamp:2)
  A porcupine (Lair:3)
  A swamp drake (Swamp:2)
  A sky beast (D:10)
  2 necrophages
  An ogre (Vaults:1)
  A centaur (D:12)
  A howler monkey (D:5)
  An orc priest (D:10)
  A worker ant (D:5)
  A killer bee zombie (D:5)
  A worker ant zombie (D:10)
  An adder (D:9)
  A shadow imp (D:5)
  3 ufetubi (IceCv)
  4 orcs (D:5)
  4 jackals (D:6)
  2 giant cockroach zombies (D:6)
  10 ballistomycetes
  10 ballistomycete spores
  13 fungi
  A hyperactive ballistomycete (Orc:2)
  11 plants
  942 toadstools
1067 creatures vanquished.

Grand Total: 2164 creatures vanquished

Notes
Turn   | Place    | Note
-------+----------+-------------------------------------------
     0 | D:1      | M4edhros the Octopode Artificer began the quest for the Orb.
     0 | D:1      | Reached XP level 1. HP: 13/13 MP: 3/3
   479 | D:3      | Reached XP level 2. HP: 12/18 MP: 4/4
   572 | D:3      | Found a shadowy altar of Dithmenos.
   572 | D:3      | Found a snail-covered altar of Cheibriados.
   578 | D:3      | Reached XP level 3. HP: 14/23 MP: 5/5
  1090 | D:5      | Entered Level 5 of the Dungeon
  1120 | D:5      | Noticed a slave
  1122 | D:5      | Noticed Pikel
  1125 | D:5      | Noticed a slave
  1133 | D:5      | Noticed a freed slave
  1136 | D:5      | Noticed a freed slave
  1164 | D:5      | Reached XP level 4. HP: 28/28 MP: 6/6
  1171 | D:5      | Killed Pikel
  1171 | D:5      | Reached skill level 5 in Stealth
  1171 | D:5      | Reached skill level 5 in Evocations
  1171 | D:5      | Reached XP level 5. HP: 33/33 MP: 6/8
  1171 | D:5      | Reached XP level 6. HP: 38/38 MP: 6/9
  1196 | D:5      | Noticed a necrophage
  1206 | D:5      | Killed a necrophage
  1217 | D:5      | Found a blossoming altar of Fedhas.
  1224 | D:5      | Found a stormy altar of Qazlal.
  1236 | D:5      | Became a worshipper of Fedhas Madash
  1249 | D:5      | Reached XP level 7. HP: 2/43 MP: 9/11
  1657 | D:2      | Noticed Jessica
  1661 | D:2      | Found a faded altar of an unknown god.
  1664 | D:2      | Killed Jessica
  1888 | D:1      | Reached * piety under Fedhas
  2464 | D:2      | Found a runed door.
  2599 | D:2      | Noticed Crazy Yiuf
  3084 | D:3      | Found an ancient bone altar of Kikubaaqudgha.
  3378 | D:3      | Reached skill level 1 in Invocations
  3394 | D:3      | Gained mutation: You have an increased reservoir of magic. (+10% MP) [mutagenic meat]
  3924 | D:4      | Found a sacrificial altar of Ru.
  3984 | D:4      | Reached skill level 5 in Dodging
  3984 | D:4      | Reached skill level 2 in Invocations
  3984 | D:4      | Reached XP level 8. HP: 46/50 MP: 13/13
  4059 | D:4      | Noticed M4edhros's ghost (weakling OpAr)
  4071 | D:4      | Killed M4edhros's ghost
  4320 | D:4      | Reached ** piety under Fedhas
  4777 | D:5      | Found a burning altar of Makhleb.
  4841 | D:5      | Found a staircase to the Ecumenical Temple.
  4971 | D:6      | Reached skill level 3 in Invocations
  4978 | D:6      | Gained mutation: One of your tentacles bears a spike. [mutagenic meat]
  4979 | D:6      | Gained mutation: You passively map a small area around you. [mutagenic meat]
  4980 | D:6      | Lost mutation: You have an increased reservoir of magic. (+10% MP) [mutagenic meat]
  5194 | D:6      | Noticed smzp's ghost (novice TrMo)
  5265 | D:7      | HP: 2/51 [ice beast (9)]
  5654 | D:6      | Found a basalt altar of Yredelemnul.
  5800 | D:7      | Found a glowing golden altar of the Shining One.
  6055 | D:7      | Reached skill level 4 in Invocations
  6085 | D:7      | Noticed a hippogriff
  6105 | D:7      | Killed a hippogriff
  6105 | D:7      | Reached XP level 9. HP: 25/57 MP: 12/14
  6803 | D:8      | Reached skill level 5 in Invocations
  6861 | D:8      | Found a shattered altar of Ashenzari.
  6956 | D:8      | Found a sand-covered staircase.
  6966 | Ossuary  | Entered an ossuary
  7393 | D:8      | Reached *** piety under Fedhas
  7508 | D:8      | Noticed Joseph
  7589 | D:8      | Reached skill level 6 in Invocations
  7615 | D:8      | Gained mutation: You regenerate slowly when monsters are visible. [potion of mutation]
  7615 | D:8      | Gained mutation: You are partially covered in slimy green scales. (AC +2) [potion of mutation]
  7655 | D:8      | Killed Joseph
  7660 | D:8      | Reached **** piety under Fedhas
  8219 | D:9      | Reached XP level 10. HP: 61/64 MP: 13/15
  8251 | D:9      | Found Hogad's Book Boutique.
  8273 | D:9      | Bought a book of Battle for 520 gold pieces
  8276 | D:9      | Learned a level 2 spell: Repel Missiles
  8279 | D:9      | Learned a level 2 spell: Song of Slaying
  8283 | D:9      | Learned a level 3 spell: Mephitic Cloud
  8341 | D:9      | Reached skill level 1 in Slings
  8377 | D:9      | Found Oleffoqo's General Store.
  8483 | D:9      | Reached skill level 1 in Shields
  8483 | D:9      | Reached skill level 1 in Spellcasting
  8528 | D:9      | Reached skill level 1 in Charms
  8892 | D:9      | Found Syrryx's General Store.
  8895 | D:9      | Bought a potion of heal wounds for 85 gold pieces
  8946 | D:9      | Reached skill level 1 in Air Magic
  9094 | D:9      | Noticed a stone giant
  9145 | D:10     | Entered Level 10 of the Dungeon
  9336 | D:10     | Noticed Harold
  9370 | D:10     | Killed Harold
  9370 | D:10     | Reached skill level 7 in Invocations
  9408 | D:10     | Gained mutation: You are partially covered in iridescent scales. (AC +2) [mutagenic meat]
  9410 | D:10     | Gained mutation: You are covered in fur. (AC +1) [mutagenic meat]
  9411 | D:10     | Gained mutation: You are mostly covered in slimy green scales. (AC +3) [mutagenic meat]
  9412 | D:10     | Gained mutation: One of your tentacles bears a nasty spike. [mutagenic meat]
  9518 | D:10     | Found a staircase to the Lair.
  9677 | D:10     | Found a sacrificial altar of Ru.
  9790 | D:10     | Noticed a hill giant
  9805 | D:10     | Killed a hill giant
  9867 | D:10     | Learned a level 3 spell: Regeneration
  9870 | D:10     | Learned a level 2 spell: Shroud of Golubria
  9947 | D:10     | Reached XP level 11. HP: 53/69 MP: 13/16
 10401 | D:10     | Learned a level 2 spell: Blink
 10729 | D:11     | Noticed a hill giant
 10754 | D:11     | Killed a hill giant
 10819 | D:11     | Found a staircase to the Orcish Mines.
 10827 | D:11     | Reached skill level 5 in Slings
 11115 | D:11     | Found a roughly hewn altar of Beogh.
 11330 | D:12     | Reached skill level 5 in Shields
 11351 | D:12     | Noticed Snorg
 11361 | D:12     | Noticed a deep elf mage
 11487 | D:12     | Found a labyrinth entrance.
 11496 | Lab      | Entered a labyrinth
 11885 | Lab      | Noticed a minotaur
 11926 | Lab      | Killed a minotaur
 11940 | Lab      | Got a fine chain mail
 11982 | Lab      | Got a brightly glowing copper amulet
 11985 | Lab      | Identified the amulet of Music {Faith rN+} (You found it in a labyrinth)
 12361 | D:12     | Noticed a fire giant
 12380 | D:12     | Killed a fire giant
 12380 | D:12     | Reached skill level 5 in Spellcasting
 12522 | D:12     | Killed a deep elf mage
 12571 | D:12     | Noticed Snorg
 12571 | D:12     | Snorg changed into Snorg the komodo dragon
 12579 | D:12     | Killed Snorg the komodo dragon
 12636 | D:12     | Reached skill level 8 in Invocations
 12816 | D:12     | Reached XP level 12. HP: 74/74 MP: 20/20
 13282 | Lair:1   | Entered Level 1 of the Lair of Beasts
 13369 | Lair:1   | Noticed a seven-headed hydra
 13382 | Lair:1   | Killed a seven-headed hydra
 13761 | Lair:1   | Noticed a seven-headed hydra
 13772 | Lair:1   | Killed a seven-headed hydra
 13772 | Lair:1   | Reached skill level 5 in Charms
 14495 | Lair:1   | Noticed a four-headed hydra
 14751 | Lair:1   | Killed a four-headed hydra
 14937 | Lair:2   | Reached skill level 5 in Air Magic
 15907 | Lair:3   | Noticed a catoblepas
 15921 | Lair:3   | Killed a catoblepas
 15921 | Lair:3   | Reached skill level 9 in Invocations
 16166 | Lair:3   | Reached XP level 13. HP: 23/79 MP: 9/21
 16883 | Lair:4   | Found a staircase to the Snake Pit.
 17164 | Lair:4   | Reached skill level 1 in Poison Magic
 17669 | Lair:4   | Found a staircase to the Swamp.
 17875 | Lair:4   | Reached skill level 10 in Invocations
 18044 | Lair:5   | Reached skill level 10 in Slings
 18093 | Lair:5   | Reached skill level 5 in Poison Magic
 18216 | Lair:5   | Reached XP level 14. HP: 85/85 MP: 22/22
 18701 | Lair:5   | Found a staircase to the Slime Pits.
 19098 | Lair:6   | Entered Level 6 of the Lair of Beasts
 19337 | Lair:6   | Reached ***** piety under Fedhas
 19540 | Lair:6   | Reached skill level 11 in Invocations
 20167 | Lair:6   | Identified a scroll of acquirement
 20211 | Lair:6   | Reached skill level 10 in Shields
 20646 | Orc:1    | Entered Level 1 of the Orcish Mines
 20649 | Orc:1    | Noticed Erolcha
 20712 | Orc:1    | Killed Erolcha
 20755 | Orc:1    | Found a frozen archway.
 20858 | Orc:1    | Found a roughly hewn altar of Beogh.
 21072 | Orc:1    | Found a roughly hewn altar of Beogh.
 21395 | Orc:2    | Entered Level 2 of the Orcish Mines
 21415 | Orc:2    | Noticed Josephine
 21425 | Orc:2    | Killed Josephine
 21524 | Orc:2    | Found a roughly hewn altar of Beogh.
 21543 | Orc:2    | Found Gedynata's Weapon Shop.
 21654 | Orc:2    | Noticed an orc warlord
 21731 | Orc:2    | Killed an orc warlord
 21731 | Orc:2    | Reached skill level 12 in Invocations
 22149 | Orc:2    | Found a roughly hewn altar of Beogh.
 22202 | Orc:2    | Found a roughly hewn altar of Beogh.
 22272 | Orc:2    | Reached ****** piety under Fedhas
 22342 | Orc:2    | Noticed Saint Roka
 22403 | Orc:2    | Killed Saint Roka
 22583 | Orc:2    | Reached XP level 15. HP: 77/90 MP: 24/24
 22635 | Orc:2    | Found Joukk's Antique Weapon Emporium.
 22637 | Orc:2    | Found a roughly hewn altar of Beogh.
 22641 | Orc:2    | Found Istuupoxono's Antique Armour Shoppe.
 22871 | Orc:2    | Found a roughly hewn altar of Beogh.
 22892 | Orc:2    | Found a staircase to the Elven Halls.
 23038 | Orc:2    | Found a roughly hewn altar of Beogh.
 23069 | Orc:2    | Found Huutruji's Weapon Emporium.
 23307 | D:13     | Reached skill level 5 in Fighting
 24170 | D:14     | Found a shattered altar of Ashenzari.
 24276 | D:14     | Reached skill level 13 in Invocations
 24550 | D:14     | Found a gate to the Vaults.
 24681 | D:14     | Learned a level 6 spell: Statue Form
 25110 | D:15     | Entered Level 15 of the Dungeon
 25278 | D:15     | Found a shadowy altar of Dithmenos.
 25285 | D:15     | Reached skill level 1 in Transmutations
 25342 | D:15     | Reached skill level 1 in Earth Magic
 26195 | D:15     | Found a staircase to the Depths.
 26536 | D:15     | Reached XP level 16. HP: 96/99 MP: 26/26
 27092 | Swamp:1  | Entered Level 1 of the Swamp
 27092 | Swamp:1  | Noticed Donald
 27105 | Swamp:1  | Killed Donald
 27398 | Swamp:1  | Killed a thorn hunter
 27778 | Swamp:1  | Reached skill level 5 in Earth Magic
 28096 | Swamp:1  | Reached skill level 5 in Transmutations
 28218 | Swamp:1  | Noticed Nikola
 28245 | Swamp:1  | Killed Nikola
 28944 | Orc:2    | Bought a +8 hunting sling for 739 gold pieces
 29259 | Swamp:2  | Found a frozen archway.
 29288 | IceCv    | Entered an ice cave
 30410 | Swamp:2  | Noticed Aizul
 30423 | Swamp:2  | Killed Aizul
 30660 | Swamp:2  | Noticed a thorn hunter
 30697 | Swamp:2  | Noticed Roxanne
 30726 | Swamp:2  | Killed Roxanne
 30741 | Swamp:2  | Identified Roxanne's Disquisition on the Rocks (You took it off Roxanne on level 2 of the Swamp)
 30781 | Swamp:2  | Noticed Frances
 30817 | Swamp:2  | Killed Frances
 31299 | Swamp:3  | Reached skill level 14 in Invocations
 31667 | Swamp:3  | Reached XP level 17. HP: 99/104 MP: 24/27
 32401 | Swamp:4  | Entered Level 4 of the Swamp
 33302 | Swamp:4  | Noticed a tentacled monstrosity
 33315 | Swamp:4  | Killed a tentacled monstrosity
 33613 | Swamp:4  | Gained mutation: You are clumsy. (Dex -2) [mutagenic meat]
 33614 | Swamp:4  | Lost mutation: You are clumsy. (Dex -2) [mutagenic meat]
 33615 | Swamp:4  | Lost mutation: One of your tentacles bears a nasty spike. [mutagenic meat]
 33713 | Swamp:4  | Gained mutation: You have a pair of small antennae on your head. [mutagenic meat]
 33715 | Swamp:4  | Gained mutation: You expend magic power (3 MP) to strengthen your wands. [mutagenic meat]
 33716 | Swamp:4  | Gained mutation: You are covered in thick fur. (AC +2) [mutagenic meat]
 34348 | Swamp:4  | Got a decaying rune of Zot
 34754 | Vaults:1 | Entered Level 1 of the Vaults
 35477 | Vaults:1 | Noticed a sphinx
 35491 | Vaults:1 | Killed a sphinx
 35730 | Vaults:1 | Reached XP level 18. HP: 61/110 MP: 3/28
 36079 | Vaults:1 | HP: 2/110 [wizard/fireball (30)]
 36080 | Vaults:1 | Killed from afar by a wizard

Skill      XL: |  1  2  3  4  5  6  7  8  9 10 11 12 13 14 15 16 17 |
---------------+----------------------------------------------------+-----
Stealth        | 2 3 5 6 7 9 |  9.1
Dodging        | 3 4 5 6 8 |  8.6
Evocations     | 5 6 7 |  7.4
Invocations    | 2 4 6 7 8 9 10 12 13 14 | 14.3
Fighting       | 2 3 4 5 |  5.7
Short Blades   | 2 3 4 |  4.1
Slings         | 4 6 8 10 11 12 | 12.5
Shields        | 4 6 9 11 12 13 | 13.9
Spellcasting   | 3 5 6 |  6.2
Charms         | 2 3 7 |  7.6
Air Magic      | 2 3 5 |  5.9
Poison Magic   | 5 |  5.4
Transmutations | 3 7 9 |  9.6
Earth Magic    | 3 6 9 |  9.7

Action                   |  1- 3 |  4- 6 |  7- 9 | 10-12 | 13-15 | 16-18 || total
-------------------------+-------+-------+-------+-------+-------+-------++-------
Melee: Short sword       |    45 |       |       |       |       |       ||    45
       Constrict         |    15 |     6 |    73 |     1 |       |       ||    95
       Tentacles         |     7 |     6 |    76 |     2 |       |       ||    91
       Quarterstaff      |     2 |    23 |     7 |       |       |       ||    32
       Dagger            |       |       |   324 |     7 |       |       ||   331
       Kick              |       |       |    73 |     2 |       |       ||    75
 Fire: Hunting sling     |       |       |    21 |   879 |  2244 |  2002 ||  5146
       Blowgun           |       |       |       |     4 |       |       ||     4
 Cast: Regeneration      |       |       |       |     3 |    17 |    52 ||    72
       Shroud of Golubri |       |       |       |     1 |     1 |     1 ||     3
       Repel Missiles    |       |       |       |     1 |       |     2 ||     3
       Mephitic Cloud    |       |       |       |       |    20 |    26 ||    46
Invok: Fungal Bloom      |       |       |    55 |    70 |   141 |    64 ||   330
       Evolution         |       |       |     6 |    12 |    20 |     7 ||    45
       Sunlight          |       |       |     4 |     4 |       |     1 ||     9
       Reproduction      |       |       |       |     1 |     4 |     4 ||     9
Evoke: Wand              |     2 |    10 |    16 |    25 |    11 |    10 ||    74
       Lamp of fire      |       |       |       |       |     1 |     2 ||     3
  Use: Potion            |       |     2 |     9 |     9 |     6 |     7 ||    33
       Scroll            |       |       |    11 |    15 |    15 |     9 ||    50
 Stab: Sleeping          |     4 |       |    22 |     1 |       |       ||    27
       Confused          |       |       |     2 |       |       |       ||     2
       Distracted        |       |       |     1 |       |       |       ||     1
  Eat: Chunk             |       |       |     4 |     5 |       |    16 ||    25
       Meat ration       |       |       |     3 |     3 |     5 |     4 ||    15
       Bread ration      |       |       |     1 |     2 |     2 |     3 ||     8
       Royal jelly       |       |       |     1 |       |       |       ||     1
       Pizza             |       |       |     1 |     1 |       |       ||     2
       Beef jerky        |       |       |       |     2 |       |       ||     2
Armor: Skin              |    11 |     6 |    59 |   136 |   143 |    92 ||   447
Dodge: Dodged            |    48 |    14 |   243 |   227 |   273 |   279 ||  1084
       Deflected         |       |       |       |       |       |     8 ||     8
Block: Buckler           |       |       |     2 |   103 |       |       ||   105
       Shield            |       |       |       |    12 |   627 |   492 ||  1131
